 Dungeon Crawl Stone Soup version 0.21.1-1-g345015f (webtiles) character file.

2198 empire the Carver (level 9, -1/70 HPs)
             Began as a Minotaur Fighter on June 1, 2018.
             Was a Follower of Cheibriados.
             Slain by a slave (7 damage)
             ... led by Pikel
             ... on level 7 of the Dungeon.
             The game lasted 00:10:33 (6174 turns).

empire the Carver (Minotaur Fighter)                Turns: 6174, Time: 00:10:34

Health: -1/70      AC:  8    Str: 25    XL:     9   Next: 12%
Magic:  8/8        EV: 12    Int:  7    God:    Cheibriados [*.....]
Gold:   288        SH: 10    Dex: 13    Spells: 4/8 levels left

rFire    . . .     SeeInvis .   a - +0 long sword
rCold    . . .     Gourm    .   c - +0 shield
rNeg     . . .     Faith    .   u - +1 steam dragon scales
rPois    .         Spirit   .   (helmet restricted)
rElec    .         Reflect  .   (no cloak)
rCorr    .         Harm     .   (no gloves)
MR       .....                  (no boots)
Stlth    +.........             (no amulet)
HPRegen  0.21/turn              (no ring)
MPRegen  0.11/turn              (no ring)

@: very slow
A: retaliatory headbutt, horns 2
a: Bend Time, Renounce Religion


You were on level 7 of the Dungeon.
You worshipped Cheibriados.
Cheibriados was aware of your devotion.
You were not hungry.

You visited 2 branches of the dungeon, and saw 8 of its levels.
You also visited: Sewer.

You collected 288 gold pieces.

Inventory:

Hand Weapons
 a - a +0 long sword (weapon)
 d - a +1 vampiric whip
 e - a +2 rapier of protection
 l - a cursed -1 hand axe
 m - a +0 whip of distortion
 n - a +0 whip of pain
 w - a +3 spear of piercing
Armour
 c - a +0 shield (worn)
 u - +1 steam dragon scales (worn)
 x - a +2 buckler
 y - a +2 leather armour of cold resistance
Wands
 b - a wand of enslavement (11)
Scrolls
 h - 7 scrolls of teleportation
 i - 6 scrolls of remove curse
 o - a scroll of blinking
 p - a scroll of fear
 t - a scroll of amnesia {unknown}
Potions
 g - 5 potions of curing
 j - a potion of heal wounds
 k - a potion of agility
 q - 2 potions of flight
 r - 2 potions of haste
 z - a potion of resistance {unknown}
 A - a potion of magic
Books
 s - a book of Minor Magic

   Spells                             Type                      Level
   a - Magic Dart                     Conjuration                  1
   b - Blink                          Translocation                2
   c - Call Imp                       Summoning                    2
   d - Slow                           Hexes                        2
   e - Conjure Flame                  Conjuration/Fire             3
   f - Mephitic Cloud                 Conjuration/Poison/Air       3
Comestibles
 f - 7 rations
 v - 2 chunks of flesh


   Skills:
 - Level 3.6 Fighting
 - Level 10.0 Long Blades
 + Level 9.4 Armour
 + Level 5.5 Dodging
 - Level 3.6 Shields


You had 4 spell levels left.
You knew the following spells:

 Your Spells              Type           Power        Failure   Level  Hunger
a - Blink                 Tloc           N/A          97%         2    ###....
b - Call Imp              Summ           #.......     97%         2    ###....


Dungeon Overview and Level Annotations

Branches:
Dungeon (7/15)             Temple (1/1) D:5

Altars:
Ashenzari
Cheibriados
Dithmenos
Elyvilon
Fedhas
Gozag
Hepliaklqana
Makhleb
Nemelex Xobeh
Okawaru
Qazlal
Sif Muna
Trog
Uskayaw
Vehumet
Xom
Zin

Annotations:
D:7 Pikel


Innate Abilities, Weirdness & Mutations

You reflexively headbutt those who attack you in melee.
You have a pair of horns on your head.


Message History

You hit the slave.
You kill the slave!
That felt strangely unrewarding.
The slave hits you but does no damage. The slave hits you!
You hit Pikel. You headbutt Pikel, but do no damage.
Pikel is heavily wounded.
You block the bullfrog's attack.
Pikel hits you with a whip of electrocution.
You are electrocuted!
* * * LOW HITPOINT WARNING * * *
You block the slave's attack. x2; The slave misses you.
You riposte.
You closely miss the slave. Your headbutt misses the slave.
The slave is heavily wounded.
You block the bullfrog's attack.
You closely miss Pikel.
Pikel is heavily wounded.
Pikel hits you with a whip of electrocution!
* * * LOW HITPOINT WARNING * * *
The slave hits you!
You die...

#........# ...#
+........#....#
#........#....#
#........'....#
#.......[############
###..................
#.......>..........
#.....<...F[p......
+..........@K......
#..........pp......
....##########......
.....# ...... .....
..... .... ..... ....
###+


You could see Pikel, 3 slaves and a bullfrog.

Vanquished Creatures
  The ghost of Zorot the Digger, a novice OpEE of Cheibriados (D:5)
  The ghost of fishrc the Skirmisher, an amateur DsAK of Lugonu (D:4)
  Eustachio (D:6)
  A steam dragon (D:5)
  Purgy (Sewer)
  A sky beast (D:5)
  A slave (D:7)
  An ogre (D:5)
  A phantom (D:4)
  An ice beast (D:6)
  4 centaurs
  A bullfrog (D:6)
  A gnoll sergeant (D:6)
  A scorpion (D:6)
  A crimson imp (D:3)
  2 hounds (D:4)
  An orc wizard (D:4)
  A centaur zombie (D:5)
  Jessica (D:3)
  An iguana (D:5)
  Terence (D:3)
  2 worker ants
  A hound skeleton (D:6)
  A mummy (D:5)
  2 worker ant zombies (D:6)
  A gnoll (D:6)
  11 adders
  A shadow imp (D:6)
  2 oozes
  An adder zombie (D:6)
  A worm (D:4)
  A dart slug (D:1)
  6 leopard geckos
  6 orcs
  3 ball pythons
  7 giant cockroaches
  3 goblins
  8 hobgoblins
  10 jackals
  13 kobolds
  2 quokkas
  3 bats
  9 frilled lizards
  A giant cockroach zombie (D:3)
  7 rats
127 creatures vanquished.

Notes
Turn   | Place    | Note
-------+----------+-------------------------------------------
     0 | D:1      | empire the Minotaur Fighter began the quest for the Orb.
     0 | D:1      | Reached XP level 1. HP: 19/19 MP: 0/0
    86 | D:1      | Reached skill level 3 in Long Blades
   109 | D:1      | Reached XP level 2. HP: 23/26 MP: 1/1
   805 | D:2      | Reached XP level 3. HP: 31/31 MP: 2/2
   930 | D:2      | Reached skill level 4 in Long Blades
  1201 | D:2      | Reached XP level 4. HP: 39/39 MP: 3/3
  1427 | D:3      | Noticed Terence
  1439 | D:3      | Killed Terence
  1439 | D:3      | Reached skill level 5 in Long Blades
  1483 | D:3      | Found a glowing drain.
  1508 | Sewer    | Entered a sewer
  1538 | Sewer    | Noticed Purgy
  1544 | Sewer    | Killed Purgy
  1544 | Sewer    | Reached skill level 6 in Long Blades
  1544 | Sewer    | Reached skill level 5 in Armour
  1544 | Sewer    | Reached XP level 5. HP: 24/45 MP: 4/4
  2065 | D:3      | Learned a level 2 spell: Blink
  2068 | D:3      | Learned a level 2 spell: Call Imp
  2237 | D:3      | Noticed Jessica
  2247 | D:3      | Killed Jessica
  2247 | D:3      | Reached XP level 6. HP: 45/51 MP: 5/5
  2452 | D:3      | Found a sparkling altar of Nemelex Xobeh.
  2748 | D:4      | Reached skill level 7 in Long Blades
  2981 | D:4      | Noticed fishrc's ghost (amateur DsAK)
  2986 | D:4      | Killed fishrc's ghost
  2986 | D:4      | Reached XP level 7. HP: 47/57 MP: 6/6
  2987 | D:4      | Reached skill level 8 in Long Blades
  3565 | D:5      | Entered Level 5 of the Dungeon
  3565 | D:5      | Noticed a steam dragon
  3579 | D:5      | Killed a steam dragon
  3579 | D:5      | Reached skill level 9 in Long Blades
  3667 | D:5      | Found a staircase to the Ecumenical Temple.
  3676 | Temple   | Entered the Ecumenical Temple
  3858 | Temple   | Became a worshipper of Cheibriados the Contemplative
  4192 | D:5      | Reached skill level 1 in Dodging
  4192 | D:5      | Reached XP level 8. HP: 19/64 MP: 7/7
  4429 | D:5      | Noticed Zorot's ghost (novice OpEE)
  4439 | D:5      | Killed Zorot's ghost
  4439 | D:5      | Reached skill level 10 in Long Blades
  4938 | D:5      | Found a snail-covered altar of Cheibriados.
  5561 | D:6      | Noticed Eustachio
  5578 | D:6      | Killed Eustachio
  5578 | D:6      | Reached skill level 5 in Dodging
  5578 | D:6      | Reached XP level 9. HP: 21/70 MP: 8/8
  5839 | D:6      | Reached * piety under Cheibriados
  5987 | D:6      | Found a hazy altar of Hepliaklqana.
  6163 | D:7      | Noticed Pikel
  6174 | D:7      | Slain by a slave

Skill      XL: |  1  2  3  4  5  6  7  8 |
---------------+-------------------------+-----
Long Blades    | 3 4 6 7 9 10 | 10.0
Armour         | 4 5 6 7 9 |  9.4
Dodging        | 1 5 |  5.5
Fighting       | |  3.6
Shields        | |  3.6

Action                   |  1- 3 |  4- 6 |  7- 9 || total
-------------------------+-------+-------+-------++-------
Melee: Long sword        |    89 |   131 |   173 ||   393
       Headbutt          |    11 |    21 |    45 ||    77
  Use: Scroll            |       |     6 |     6 ||    12
       Potion            |       |     1 |     9 ||    10
 Stab: Distracted        |       |       |     1 ||     1
  Eat: Chunk             |     1 |     6 |    10 ||    17
Armor: Scale mail        |    41 |    46 |    21 ||   108
       Steam dragon scal |       |       |    44 ||    44
Dodge: Dodged            |    25 |    36 |    98 ||   159
Block: Shield            |    39 |    64 |   112 ||   215
       Rpst.: Long sword |     5 |    10 |    25 ||    40
